 Dungeon Crawl Stone Soup version 0.31-a0-4-gefa6de2278 (webtiles) character file.

Game seed: 17157660712591672768

4301 sleepylion the Zephyrmancer (level 10, 59/59 HPs)
             Began as a Tengu Air Elementalist on May 4, 2023.
             Was a Follower of the Shining One.
             Quit the game on level 8 of the Dungeon on May 5, 2023.
             The game lasted 01:24:00 (12217 turns).

sleepylion the Zephyrmancer (TeAE)                 Turns: 12217, Time: 01:24:01

Health: 59/59      AC:  5    Str:  9    XL:     10   Next: 32%
Magic:  18/18      EV: 21    Int: 19    God:    the Shining One [*.....]
Gold:   506        SH:  4    Dex: 15    Spells: 6/19 levels left

rFire   . . .        y - +4 whip (flame)
rCold   . . .        D - +0 buckler
rNeg    . . .        E - +0 leather armour
rPois   .            (helmet restricted)
rElec   .            F - +0 cloak
rCorr   .            S - +0 pair of gloves
SInv    .            (boots unavailable)
Will    .....        l - amulet of regeneration
Stlth   +            L - +5 ring of evasion
HPRegen 1.09/turn    N - ring of wizardry
MPRegen 0.16/turn

%: wizardry (x1)
@: flying quickly and evasively, glowing, quick
A: beak, talons 3, nimble flight
a: Renounce Religion, Divine Shield


You were on level 8 of the Dungeon.
You worshipped the Shining One.
The Shining One was aware of your devotion.
You visited 2 branches of the dungeon, and saw 10 of its levels.
You also visited: Bailey.

You collected 506 gold pieces.

Inventory:

Hand Weapons
 d - a +1 dagger of speed
 y - a +4 whip of flaming (weapon)
 C - a +2 sling of freezing
 K - a +0 shortbow of flaming
Missiles
 c - 8 javelins (quivered)
 e - 85 stones
 T - 11 boomerangs
Armour
 a - a +0 robe
 D - a +0 buckler (worn)
 E - a +0 leather armour (worn)
 F - a +0 cloak (worn)
 O - the orb of the Swan {*Rage, Dex+5}
   (You found it on level 6 of the Dungeon)

   Dex:       It affects your dexterity (+5).
 S - a +0 pair of gloves (worn)
 X - an orb of guile
Magical Staves
 W - a staff of earth
Jewellery
 h - a ring of wizardry
 l - an amulet of regeneration (around neck)
 p - a ring of poison resistance
 r - a ring of poison resistance
 v - a +5 ring of evasion
 J - an amulet of reflection
 L - a +5 ring of evasion (left hand)
 M - a ring of willpower
 N - a ring of wizardry (right hand)
 P - a ring of see invisible
 R - a ring of fire
Wands
 Q - a wand of mindburst (13)
Scrolls
 n - 3 scrolls of teleportation
 s - 2 scrolls of immolation
 A - 2 scrolls of fog
 G - 3 scrolls of vulnerability
Potions
 b - 2 potions of magic
 g - a potion of mutation {unknown}
 i - 2 potions of berserk rage
 j - a potion of heal wounds
 k - 2 potions of haste
 m - 4 potions of curing
 o - a potion of ambrosia {unknown}
 q - 2 potions of might
 u - a potion of cancellation {unknown}
 z - 2 potions of lignification
 B - 3 potions of brilliance
 H - a potion of degeneration {unknown}
 I - a potion of attraction {unknown}
 Y - 2 potions of flight {unknown}


   Skills:
 - Level 5.0 Fighting
 + Level 3.5 Armour
 * Level 6.2 Dodging
 - Level 2.0 Stealth
 - Level 2.0 Shields
 - Level 5.0 Spellcasting
 - Level 9.0 Conjurations
 - Level 7.0 Summonings
 - Level 9.0 Air Magic


You had 6 spell levels left.
You knew the following spells:

 Your Spells              Type           Power      Damage    Failure   Level
a - Shock                 Conj/Air       100%       1d9       1%          1
b - Swiftness             Air            38%        N/A       1%          3
c - Airstrike             Air            19%        2d(3-19)  2%          4
d - Call Canine Familiar  Summ           31%        N/A       1%          3
e - Passwall              Tmut/Erth      3%         N/A       16%         2

Your spell library contained the following spells:

 Spells                   Type           Power      Damage    Failure   Level
 Static Discharge         Conj/Air       76%        2-6/arc   1%          2
 Hailstorm                Conj/Ice       21%        3d6       4%          3
 Summon Guardian Golem    Hex/Summ       18%        N/A       8%          3
 Freeze                   Ice            16%        1d4       11%         1
 Ensorcelled Hibernation  Hex/Ice        8%         N/A       16%         2
 Frozen Ramparts          Ice            8%         1d2       28%         3
 Portal Projectile        Hex/Tloc       8%         N/A       28%         3
 Leda's Liquefaction      Hex/Erth       2%         N/A       65%         4
 Orb of Destruction       Conj           19%        9d8       88%         7
 Spellforged Servitor     Conj/Summ      17%        N/A       95%         7


Dungeon Overview and Level Annotations

Branches:
Dungeon (9/15)             Temple (1/1) D:6          Bailey (visited)
   Lair: D:8-11         Orc: D:9-12

Altars:
Ashenzari
Cheibriados
Elyvilon
Gozag
Hepliaklqana
Kikubaaqudgha
Makhleb
Okawaru
Ru
Sif Muna
Trog
Uskayaw
Wu Jian
Xom
Yredelemnul
Zin
The Shining One

Shops:
D:1 (


Innate Abilities, Weirdness & Mutations

You have a beak for a mouth.
You have claws for feet.
Your magical nature lets you fly swiftly and evasively.


Message History

Aiming: Shock (safe; 1% risk of failure)
Press: ? - help, Shift-Dir - straight line, f/p - killer bee
Aim: a killer bee (almost dead, haloed, 63% to hit)
The zap hits the killer bee.
You kill the killer bee!
You block the killer bee's attack. The killer bee closely misses you.
You block the killer bee's attack. The killer bee completely misses you.
You fly upwards.
There is a stone staircase leading down here.
A killer bee is nearby!
Casting: Shock (safe; 1% risk of failure)
Confirm with . or Enter, or press ? or * to list all spells.
Aiming: Airstrike (dangerous; 2% risk of failure)
Press: ? - help, Dir - move target, f - killer bee
Aim: a killer bee (haloed, empty space bonus: 4/8)
Okay, then.
Casting: Airstrike (dangerous; 2% risk of failure)
Confirm with . or Enter, or press ? or * to list all spells.
The killer bee barely misses you. x2
Casting: Call Canine Familiar (safe; 1% risk of failure)
Confirm with . or Enter, or press ? or * to list all spells.
Aiming: Airstrike (dangerous; 2% risk of failure)
Press: ? - help, Dir - move target, f - killer bee
Aim: a killer bee (ally target, haloed, empty space bonus: 4/8)
The air twists around and strikes the killer bee!
You kill the killer bee!
You start resting.
Magic restored.
Casting: Airstrike (dangerous; 2% risk of failure)
Confirm with . or Enter, or press ? or * to list all spells.
Okay, then.
Welcome back, sleepylion the Tengu Air Elementalist.
The Shining One says: Lead the forces of light to victory!
Press ? for a list of commands and other information.
Welcome back, sleepylion the Tengu Air Elementalist.
The Shining One says: Lead the forces of light to victory!
Press ? for a list of commands and other information.
Are you sure you want to abandon this character and quit the game? (Confirm with "yes".)
Okay, then.
Are you sure you want to abandon this character and quit the game? (Confirm with "yes".)

......'......#.......#
......#......#.......#
###.>##'######.......###### #
..#'##.............###.##.#######
..#..#.............#...........'.
..#..#.............#...........#.
..#..'.............#...........#.
b.#..#b.........h..#...........#.
b.#..#..........@..#...##......#.
..####.............#'####'#######
bbbb....############...##..######
b.bb.b.b#.....'........#.........
b...b.b.#.....#........#.........
b.bb....#..####...##...#.........
b.#######..# #...####+##........
b.#...(..#######..##...##........
.b#......#.....#........#........


You could see a friendly wolf (summoned).

Vanquished Creatures
  2 hornets
  A yak (D:8)
  A wyvern (D:5)
  A water moccasin (D:7)
  9 orc warriors
  A black bear (D:5)
  2 ice beasts
  A sky beast (D:7)
  An ogre (D:6)
  3 centaurs
  A phantom (D:5)
  Blork the orc (D:6)
  2 scorpions
  A bullfrog (D:7)
  2 wights (D:6)
  3 killer bees
  A howler monkey (D:4)
  6 electric eels (D:5)
  3 hounds
  3 jellies
  2 orc priests
  2 iguanas
  3 gnoll boudas
  Jessica (D:3)
  11 orc wizards
  13 gnolls
  3 adders
  A shadow imp (D:5)
  2 ufetubi (D:6)
  2 worms
  3 dart slugs
  30 orcs
  8 ball pythons
  7 bats
  9 endoplasms
  5 giant cockroaches
  15 goblins
  16 hobgoblins
  3 jackals (D:1)
  2 quokkas
  A frilled lizard (D:3)
  7 kobolds
  3 rats
194 creatures vanquished.

Vanquished Creatures (collateral kills)
  A scorpion (D:6)
  3 hounds (D:7)
  A gnoll (Bailey)
  A white imp (D:7)
  7 orcs
  6 goblins
  5 hobgoblins (Bailey)
24 creatures vanquished.

Vanquished Creatures (others)
  A wizard (D:8)
  2 plants (D:5)
3 creatures vanquished.

Grand Total: 221 creatures vanquished

Notes
Turn   | Place    | Note
-------+----------+-------------------------------------------
     0 | D:1      | sleepylion the Tengu Air Elementalist began the quest for
                  | the Orb.
     0 | D:1      | Reached XP level 1. HP: 10/10 MP: 4/4
   266 | D:1      | Reached skill level 1 in Fighting
   285 | D:1      | Reached XP level 2. HP: 14/16 MP: 4/6
   640 | D:1      | Reached XP level 3. HP: 20/20 MP: 5/7
   687 | D:1      | Found Nifashrai's Antique Weapon Shoppe.
  1121 | D:1      | Learned a level 3 spell: Swiftness
  1373 | D:2      | You fall into a shaft and drop 2 floors!
  1389 | D:4      | Noticed a scorpion
  1795 | D:3      | Reached XP level 4. HP: 26/26 MP: 6/8
  1852 | D:3      | Noticed Jessica
  1868 | D:3      | Killed Jessica
  2227 | D:4      | Gained mutation: Your magical nature lets you fly swiftly
                  | and evasively. [Tengu growth]
  2227 | D:4      | Reached XP level 5. HP: 18/30 MP: 9/9
  2239 | D:4      | Reached skill level 5 in Air Magic
  2280 | D:4      | Learned a level 4 spell: Airstrike
  2465 | D:4      | Reached XP level 6. HP: 37/37 MP: 4/11
  2962 | D:4      | Noticed an orc warrior
  3341 | D:4      | Found a hide-covered altar of Uskayaw.
  3379 | D:5      | Entered Level 5 of the Dungeon
  3388 | D:5      | Reached XP level 7. HP: 41/41 MP: 7/14
  4550 | D:5      | Reached XP level 8. HP: 46/46 MP: 8/15
  4771 | D:5      | Noticed a wyvern
  4796 | D:5      | Killed a wyvern
  5147 | D:5      | Reached skill level 5 in Dodging
  5677 | D:5      | Reached skill level 5 in Fighting
  5677 | D:5      | Reached skill level 1 in Armour
  6011 | D:5      | Reached skill level 1 in Shields
  6011 | D:5      | Reached skill level 1 in Summonings
  6232 | D:6      | Found a staircase to the Ecumenical Temple.
  6332 | D:6      | Reached XP level 9. HP: 54/54 MP: 7/16
  6335 | Temple   | Entered the Ecumenical Temple
  6564 | Temple   | Became a worshipper of the Shining One
  6590 | D:6      | Learned a level 3 spell: Call Canine Familiar
  6707 | D:6      | Noticed Blork the orc
  6715 | D:6      | Killed Blork the orc
  6854 | D:6      | Reached skill level 5 in Spellcasting
  6965 | D:6      | Identified the orb of the Swan {*Rage, Dex+5}
  7021 | D:6      | Found a broken altar of Ashenzari.
  7718 | D:7      | Reached skill level 5 in Summonings
  8161 | D:7      | Noticed a hornet
  8171 | D:7      | Killed a hornet
  8172 | D:7      | Reached skill level 5 in Conjurations
  8803 | D:7      | Reached * piety under the Shining One
  8825 | D:7      | Noticed a gargoyle
  9169 | D:7      | Learned a level 2 spell: Passwall
  9294 | D:8      | Found a flagged portal.
  9326 | Bailey   | Entered a bailey
  9662 | Bailey   | Reached XP level 10. HP: 59/59 MP: 11/18
  9898 | Bailey   | Noticed an orc warlord
  9955 | Bailey   | Noticed an orc knight
 11077 | D:8      | Found a snail-covered altar of Cheibriados.
 11079 | D:8      | Found an opulent altar of Gozag.
 11085 | D:8      | Found a sacrificial altar of Ru.
 11268 | D:8      | Found a bloodstained altar of Trog.
 11269 | D:8      | Noticed a wizard
 11274 | D:8      | Killed a wizard
 12217 | D:8      | Quit the game

Illustrated notes

Levels and vault maps discovered:
D:1:      moated_graveyard_arrival, layout_basic, serial_shops, shop
D:2:      layout_basic, chequers_jeans
D:3:      layout_rooms, st_stairs_4, grunt_ministairs_12, uniq_jessica
D:4:      layout_loops_cross, nicolae_uskayaw_suspiria, glass_columns_b,
          palyth_stone_intersect, kennysheep_opposing_triangles
D:5:      cheibrodos_two_vegetables, layout_rooms
D:6:      layout_rooms, overflow_temple_1_default, minmay_temple_entry_junction,
          kennysheep_generic_room_7, uniq_blork_the_orc
D:7:      kennysheep_windowed_halls, layout_basic
D:8:      layout_gridville, trog_wizard, gammafunk_temple_overflow_forgotten,
          enter_bailey_4
D:9:      layout_roguey, hellmonk_lair_entry_icy, eino_tiny_chamber,
          amethyst_killhole
Temple:   hellmonk_temple_of_storms

Skill      XL: |  1  2  3  4  5  6  7  8  9 10 |
---------------+-------------------------------+-----
Fighting       | 1 2 3 5 |  5.0
Conjurations   | 2 3 4 8 9 |  9.0
Dodging        | 3 4 5 6 |  6.2
Air Magic      | 5 8 9 |  9.0
Spellcasting   | 4 5 |  5.0
Armour         | 2 3 |  3.5
Shields        | 1 2 |  2.0
Summonings     | 2 6 7 |  7.0
Stealth        | |  2.0

Action                     |  1- 3 |  4- 6 |  7- 9 | 10-12 || total
---------------------------+-------+-------+-------+-------++-------
  Melee: Dagger            |    22 |       |       |       ||    22
         Kick              |     9 |     3 |     8 |    13 ||    33
         Peck              |     2 |     1 |     6 |     4 ||    13
         Whip              |       |    31 |    22 |    33 ||    86
  Throw: Stone             |     1 |       |       |       ||     1
         Javelin           |       |     3 |     1 |       ||     4
   Cast: Shock             |    69 |    64 |   111 |    19 ||   263
         Swiftness         |       |     3 |     7 |     3 ||    13
         Airstrike         |       |     2 |    61 |    28 ||    91
         Call Canine Famil |       |       |    20 |    19 ||    39
         Passwall          |       |       |     1 |       ||     1
    Use: Scroll            |       |     4 |     5 |     7 ||    16
         Potion            |       |       |       |     2 ||     2
   Stab: Sleeping          |     1 |       |       |       ||     1
 Armour: Robe              |     8 |     5 |     2 |       ||    15
         Leather armour    |       |       |     3 |     4 ||     7
  Dodge: Dodged            |    22 |    25 |    68 |    72 ||   187
  Block: Buckler           |       |       |     9 |    24 ||    33

Table legend: (Time is in decaauts)
 A = Elapsed time spent in this place.
 B = Non-inter-level travel time spent in this place.
 C = Inter-level travel time spent in this place.
 D = Time resting spent in this place.
 E = Time spent auto-exploring this place.
 F = Levels seen in this place.
 G = Mean time per level.
                   A        B        C        D        E       F      G
               +--------+--------+--------+--------+--------+-----+--------+
         Total |  11694 |  11372 |    322 |   4308 |   3850 |  11 | 1063.1 |
       Dungeon |  10602 |  10298 |    304 |   3858 |   3829 |   9 | 1178.0 |
        Temple |    230 |    212 |     18 |     54 |     21 |   1 |  230.0 |
        Bailey |    861 |    861 |      0 |    395 |      0 |   1 |  861.0 |
               +--------+--------+--------+--------+--------+-----+--------+

Top non-repeatable levels by time:
     D:5: 2183 daAuts
     D:4: 1772 daAuts
     D:8: 1743 daAuts
     D:7: 1656 daAuts
     D:1: 1134 daAuts
     D:6: 865 daAuts
  Bailey: 861 daAuts
     D:3: 822 daAuts
     D:2: 231 daAuts
  Temple: 230 daAuts
     D:9: 192 daAuts
